 Dungeon Sprint DCSS version 0.24.1-14-gf8d2b509d9 (webtiles) character file.

Game seed: 8822073996488766451, levelgen mode: deterministic

7 Mickster the Skirmisher (level 1, -3/22 HPs)
             Began as a Troll Fighter on Feb 17, 2023.
             Slain by Menkaure (18 damage)
             ... in the Dungeon (Sprint II: "The Violet Keep of Menkaure").
             The game lasted 00:00:56 (30 turns).

Mickster the Skirmisher (Troll Fighter)               Turns: 30, Time: 00:00:57

Health: -3/22      AC:  6    Str: 23    XL:     1   Next: 83%
Magic:  0/0        EV:  8    Int:  4    God:
Gold:   243        SH:  8    Dex:  9    Spells: 0/0 levels left

rFire    . . .     SeeInvis .   a - +0 war axe
rCold    . . .     Gourm    +   c - +0 shield
rNeg     . . .     Faith    .   b - +0 robe
rPois    .         Spirit   .   (helmet restricted)
rElec    .         Reflect  .   (no cloak)
rCorr    .         Harm     .   (gloves unavailable)
MR       .....     NoTele   +   (boots unavailable)
Stlth    +.........             (no amulet)
HPRegen  0.47/turn              (no ring)
MPRegen  0.07/turn              (no ring)

@: no status effects
A: large, unfitting armour, claws 3, fast metabolism 3, gourmand, regeneration
1, shaggy fur 1, tough skin 3
a: no special abilities


You were in the Dungeon.
You were not hungry.

You visited 1 branch You collected 243 gold pieces.

Inventory:

Hand Weapons
 a - a +0 war axe (weapon)
Armour
 b - a +0 robe (worn)
 c - a +0 shield (worn)
Scrolls
 k - a scroll of blinking
Potions
 d - a potion of might
 e - a potion of curing
 g - a potion of heal wounds
 h - a potion of haste
 i - 2 potions of magic
 j - a potion of berserk rage
Comestibles
 f - 2 rations


   Skills:
 + Level 2.9 Fighting
 * Level 2.3 Axes
 + Level 2.8 Dodging
 + Level 2.8 Shields


You couldn't memorise any spells.
You didn't know any spells.
Your spell library was empty.

Dungeon Overview and Level Annotations

Branches:
Dungeon (1/1)

Altars:

Annotations:
D Menkaure


Innate Abilities, Weirdness & Mutations

You are too large for most types of armour.
You have claws for hands.
Your metabolism is lightning-fast.
You like to eat raw meat.
Your natural rate of healing is unusually fast.
You are covered in fur. (AC +1)
You have extremely tough skin. (AC +3)


Message History

You see here a worm corpse.
You see here a worm corpse.
You open the door.
A worm comes into view.
There is an open door here.
Menkaure, Prince of Dust comes into view.
Menkaure shouts!
Menkaure mumbles some strange words.
Menkaure seems to speed up.
You barely miss the worm. You hit the worm but do no damage. You hit Menkaure.
The worm barely misses you. Menkaure hits you.
You hit the worm.
The worm is lightly wounded.
You barely miss Menkaure. Menkaure closely misses you. The worm bites you.
You block Menkaure's attack.
Your shield prevents you from hitting the worm.
You hit Menkaure. Menkaure hits you!!
Ouch! That really hurt!
You die... ####+#### ##.°°°°○°## ..°°°°°○. .°☼8°○. °°○○○

○○○
#≈≈#+++#+++##
≈≈≈...M@....#
≈≈≈≈.##w##..#
≈≈≈ #.#.## #
≈ #.##†.#
###.†## #'##
##.## +.<.+
##.##


You could see an ice statue, Menkaure and a worm.

Vanquished Creatures
  2 worms (D)
2 creatures vanquished.

Vanquished Creatures (others)
  A crocodile (D)
1 creature vanquished.

Grand Total: 3 creatures vanquished

Notes
Turn   | Place    | Note
-------+----------+-------------------------------------------
     0 | D        | Mickster the Troll Fighter began the quest for the Orb.
     0 | D        | Reached XP level 1. HP: 22/22 MP: 0/0
    16 | D        | Killed a crocodile
    24 | D        | Noticed an ice statue
    26 | D        | Noticed Menkaure
    30 | D        | Slain by Menkaure

Levels and vault maps discovered:
D:        the_violet_keep_of_menkaure [sprint2_stairs_cluster_1,
          sprint2_shoproom, sprint2_temple, sprint2_basic_supplies,
          sprint2_obstacle_5, sprint2_obstacle_3, sprint2_obstacle_2,
          sprint2_obstacle_6, sprint2_obstacle_4, sprint2_timed_cluster_1,
          sprint2_smallroom_cluster_1, sprint2_smallroom_final_cluster_1,
          sprint2_transparent_cluster_1, sprint2_second_timed_cluster_1,
          sprint2_sniper_area_1, sprint2_heavy_combat_area_1,
          sprint2_mutation_trap_area_1, sprint2_forest_area_1,
          sprint2_light_combat_area_1, sprint2_behind_water_1,
          sprint2_near_end_vault_1]

Skill      XL: |  1 |
---------------+----+-----
Axes           | 2 |  2.3
Fighting       | |  2.9
Dodging        | |  2.8
Shields        | |  2.8

Action                   || total
-------------------------++-------
Melee: War axe           ||    16
Armor: Robe              ||     3
Dodge: Dodged            ||     2
Block: Shield            ||     7
